[Event "*** Titled Tuesday Blitz"]
[Site "Chess.com"]
[Date "2021.03.09"]
[Round "4"]
[White "SirStrateg"]
[Black "onnoelgersma"]
[Result "1-0"]
[WhiteElo "2605"]
[BlackElo "2397"]
[TimeControl "180+1"]
[EndTime "10:43:24 PST"]
[Termination "SirStrateg won by resignation"]

1. d4 d5 2. Bf4 Nf6 3. e3 c5 4. c3 Nc6 5. Nd2 e6 6. Ngf3 Nh5 7. Bg5 f6 8. Bh4 cxd4 9. cxd4 g6 10. a3 Ng7 11.
Bd3 Nf5 12. Bxf5 exf5 13. b4 Be7 14. O-O O-O 15. Nb3 b6 16. b5 Na5 17. Nxa5 bxa5 18. Qb3 Rb8 19. Bg3 Rb7 20. Rfc1 a6 21. Rxc8 Qxc8 22.
Qxd5+ Kg7 23. bxa6 Ra7 24. Qxa5 Rxa6 25. Qd2 Rxa3 26.
Rc1 Qa6 27. h4 Rc8 28. Rxc8 Qxc8 29. d5 Ra1+ 30. Kh2 Qc1 31. Qxc1 Rxc1 32. Nd4 Kf7 33.
d6 Bd8 34. h5 Bb6 35. hxg6+ hxg6 36. Nb5 Ke6 37. Nc7+ Bxc7 38. dxc7 g5 39. Kh3 Rh1+ 40. Bh2 Rc1 41. Bg3 Kf7 42. f3 Ke6 43. Bh2 Rc3 44. Bg3 Rc2 45. Kh2 Kf7 46. Kg1 Ke6 47. Kf1 Kd7 48.
Bh2 Ra2 49. Bg3 Rc2 50. Bh2 Kc8 51. Bg3 Kb7 52. Bh2 Ka6 53. Bg3 Kb5 54. Bh2 Ka4 55. Bg3 Rc4 56. Ke2 Kb5 57. Kd3 Rc1 58. Bd6 Ka6 59.
Be7 Rxc7 60. Bxf6 g4 61. fxg4 Rd7+ 62. Bd4 fxg4 63. Ke4 Kb5 64. Kf4 Kc4 65. Kxg4 Kd5 66. Kf5 Rb7 67. g4 Rb1 68. g5 Rf1+ 69. Kg6 Ke6 70.
Kg7 Rg1 71. Bf6 Kf5 72. Kf7 Rb1 73. g6 Rg1 74. g7 Ke4 75. Bd4 1-0

[Event "*** Titled Tuesday Blitz"]
[Site "Chess.com"]
[Date "2021.03.09"]
[Round "4"]
[White "azikom"]
[Black "CakeinSpace2002"]
[Result "1-0"]
[WhiteElo "2635"]
[BlackElo "2406"]
[TimeControl "180+1"]
[EndTime "10:43:26 PST"]
[Termination "azikom won on time"]

1. d4 d5 2. Nf3 Nf6 3. Bf4 c5 4.
e3 Nc6 5. c3 Qb6 6. Qb3 c4 7. Qc2 Bf5 8. Qc1 e6 9. Nbd2 h6 10. Be2 Be7 11. b3 Qa5 12. a4 cxb3 13. Nxb3 Qd8 14. O-O O-O 15. Qb2 Bd6 16. Bxd6 Qxd6 17.
a5 Rab8 18. Qa3 Qc7 19. Nc5 Rfc8 20. Rfc1 Nd7 21. Nxd7 Qxd7 22. c4 Rd8 23. h3 Rbc8 24.
c5 Be4 25. Nd2 e5 26. Nxe4 dxe4 27. dxe5 Nxe5 28. a6 bxa6 29. Bxa6 Rc7 30. Rd1 Qe7 31.
Rd6 Nd3 32. Bxd3 exd3 33. Qxd3 Rdc8 34. Ra5 g6 35. Qd4 Qg5 36. h4 Qe7 37. g3 h5 38.
Kg2 Kh7 39. Qd5 Kg7 40. c6 Rb8 41. Rc5 Rb6 42. Rd7 Rxd7 43. cxd7 Rd6 44. Qe5+ Qxe5 45. Rxe5 Rxd7 46. Ra5 Rb7 47. Ra6 Kf8 48. e4 Ke7 49. Kf3 Kd7 50. Kf4 Ke7 51. f3 Rc7 52. g4 hxg4 53. Kxg4 Kf8 54. h5 gxh5+ 55. Kxh5 Kg7 56. Kg4 Rd7 57. f4 Re7 58. e5 Rb7 59. Kg5 Rc7 60. Kf5 Rb7 61. Kg4 Rc7 62. f5 Rb7 63. Kg5 Rc7 64. Rd6 Kf8 65. Rd8+ Ke7 66. Ra8 Rb7 67. f6+ Ke6 68. Re8+ Kd5 69. Re7 1-0

[Event "*** Titled Tuesday Blitz"]
[Site "Chess.com"]
[Date "2021.03.09"]
[Round "4"]
[White "GMKrikor"]
[Black "AldokhinIvan"]
[Result "1/2-1/2"]
[WhiteElo "2717"]
[BlackElo "2525"]
[TimeControl "180+1"]
[EndTime "10:43:31 PST"]
[Termination "Game drawn by repetition"]

1. Nf3 Nf6 2. c4 g6 3. Nc3 Bg7 4. e4 d6 5. d4 O-O 6. h3 Nc6 7.
Be3 Re8 8. d5 Nb4 9. a3 Na6 10.
Bd3 e6 11. O-O exd5 12. exd5 Nc5 13. Bc2 Nfe4 14. Nxe4 Nxe4 15. Bd4 Bd7 16. Re1 Nf6 17. Qd2 Rxe1+ 18. Rxe1 Qf8 19. Qc3 Nh5 20. b4 Re8 21. Rxe8 Qxe8 22. Bxg7 Nxg7 23. Qd4 b6 24. g4 Qe7 25.
Kg2 h5 26. Qf4 hxg4 27. hxg4 Qe2 28. Nd4 Qe5 29. Qxe5 dxe5 30. Nf3 f6 31. g5 Kf7 32.
gxf6 Kxf6 33. Nd2 Kg5 34. Kf3 Bg4+ 35. Ke3 Nf5+ 36. Bxf5 gxf5 37. f3 Bh5 38. c5 Bg6 39. Nc4 f4+ 40. Kf2 Kf5 41. d6 cxd6 42. c6 Ke6 43. c7 Kd7 44. Nxd6 Kxc7 45. Nc4 e4 46. fxe4 Bxe4 47. Nd2 Bd5 48. Ke2 Kd6 49. Kd3 Ke5 50.
Nf1 Bc6 51. Nd2 Bb5+ 52. Kc3 Kf5 53. Kd4 Kg4 54. Ke4 f3 55. Ke3 Kg3 56. Ne4+ Kg4 57. Nf2+ Kf5 58. Kxf3 Ke5 59. Ke3 Kd5 60. Ne4 Kc4 61.
Nd6+ Kb3 62. Nxb5 a6 63. Nc7 Kxa3 64. Nxa6 Ka4 65. Kd4 Kb5 66. Kd5 Kxa6 67. Kc6 b5 68. Kc5 Ka7 69. Kc6 Ka6 70. Kc5 Ka7 71. Kxb5 Kb7 72.
Kc5 Kc7 73. b5 Kb7 74. Kc4 Kc7 75. Kb4 Kb7 76. Kc5 Kc7 77. b6+ Kb7 78. Kb5 Kb8 79.
Ka5 Kb7 80. Kb5 Kb8 81. Kc5 Kb7 82. Kb5 1/2-1/2

[Event "*** Titled Tuesday Blitz"]
[Site "Chess.com"]
[Date "2021.03.09"]
[Round "4"]
[White "Durarbayli"]
[Black "crazy_but_lazy"]
[Result "1-0"]
[WhiteElo "2684"]
[BlackElo "2505"]
[TimeControl "180+1"]
[EndTime "10:43:34 PST"]
[Termination "Durarbayli won by resignation"]

1. e4 c5 2. Nf3 d6 3. d4 cxd4 4. Nxd4 Nf6 5. Nc3 a6 6. Bg5 Nbd7 7. Qd2 Qc7 8. O-O-O h6 9. Bxf6 Nxf6 10. Nd5 Nxd5 11. exd5 g6 12. g3 Bg7 13. Bg2 O-O 14. Rhe1 Re8 15.
Kb1 Bd7 16. Re3 Rac8 17. c3 Qc4 18. f4 Bg4 19. Bf3 Bxd4 20. Qxd4 Qxd4 21. Rxd4 Bxf3 22. Rxf3 Rc7 23. Re3 Rec8 24. Rde4 Kf8 25. Kc2 h5 26. a4 Rd7 27. b4 b6 28. Kb3 Rdc7 29. h3 a5 30. g4 hxg4 31. hxg4 axb4 32. Kxb4 Rc5 33. c4 R8c7 34. g5 Ra7 35. Ra3 Rac7 36. Rh3 Ke8 37. Rh8+ Kd7 38. Rf8 Ra7 39. Rxf7 Ke8 40.
Rg7 Rca5 41. Kb3 Kf8 42. Rxg6 Rxa4 43. Rge6 Ra3+ 44. Kc2 Ra2+ 45. Kd1 Rg2 46. Re2 Ra1+ 47. Kd2 Ra2+ 48. Kd3 Rg3+ 49. R6e3 Rxe3+ 50. Rxe3 Rf2 51. Ke4 Kf7 52. Rb3 Rc2 53. Kf5 Rxc4 54. Rxb6 Rc5 55.
g6+ Kg7 56. Ke6 Kxg6 57. Rb1 Ra5 58. Rg1+ Kh5 59. f5 Kh6 60. Rg2 Rb5 61. Rg8 Kh7 62.
Re8 Kh6 63. Rxe7 Rb2 64. f6 Kg6 65. Rg7+ Kh6 66. Rg3 Re2+ 67. Kxd6 Kh7 68. f7 Rf2 69. Ke7 Rf3 70. Rxf3 Kg6 71. d6 Kh5 72. d7 Kg4 73. d8=Q Kh5 74. Qd6 Kg5 75. Qf6+ Kg4 76. Rg3+ Kxg3 77.
Qg5+ Kh3 78. f8=Q Kh2 1-0

[Event "*** Titled Tuesday Blitz"]
[Site "Chess.com"]
[Date "2021.03.09"]
[Round "4"]
[White "Ziyamammadov"]
[Black "coalescenet"]
[Result "1-0"]
[WhiteElo "1791"]
[BlackElo "2191"]
[TimeControl "180+1"]
[EndTime "10:43:36 PST"]
[Termination "Ziyamammadov won by checkmate"]

1. e4 c6 2. Nf3 d5 3. exd5 cxd5 4. d4 Bg4 5. c4 Nf6 6. Nc3 e6 7. cxd5 Nxd5 8. Nxd5 Qxd5 9. a3 Nc6 10. Be3 Bxf3 11. Qxf3 Qxf3 12. gxf3 O-O-O 13. Rc1 Kb8 14. Rd1 Be7 15.
Bb5 Bf6 16. Bxc6 bxc6 17. O-O Rd5 18. Rc1 Kb7 19. Rc4 Rhd8 20. Rb4+ Kc7 21. Bf4+ e5 22.
dxe5 Bxe5 23. Rc1 Rd1+ 24. Rxd1 Rxd1+ 25. Kg2 Bxf4 26. Rxf4 f6 27. Rh4 h6 28. Re4 Rd2 29.
b4 Kd6 30. h4 Rd3 31. a4 Ra3 32. a5 Ra4 33. Rg4 g5 34. hxg5 hxg5 35. Rd4+ Kc7 36. Rc4 Kb7 37. Kg3 a6 38. Kg4 Ra2 39. Kg3 Kc7 40.
Re4 Kd6 41. Rd4+ Ke6 42. Rc4 Kd5 43. Rc5+ Kd6 44. Rf5 Ke6 45. Rc5 Kd7 46. Rf5 Rb2 47.
Rxf6 Rxb4 48. Rf7+ Kd6 49. Ra7 Ra4 50. Rxa6 Kd5 51. Ra7 Kc5 52. Rg7 Rxa5 53. Rxg5+ Kb6 54. Rxa5 Kxa5 55. Kf4 c5 56. Ke3 Kb5 57. f4 c4 58.
f5 Ka4 59. f6 Kb3 60. f7 c3 61. f8=Q c2 62. Qb8+ Ka2 63. Qa7+ Kb1 64. Qb6+ Kc1 65. Qa5 Kd1 66. Qa1+ c1=Q+ 67. Qxc1+ Kxc1 68. f4 Kc2 69. f5 Kc3 70. f6 Kc4 71. f7 Kd5 72. f8=Q Ke6 73. Qg7 Kd6 74. Kd4 Kc6 75. Qe7 Kb6 76. Kc4 Ka6 77. Qd6+ Ka7 78. Qc6 Kb8 79. Kb5 Ka7 80.
Qd7+ Kb8 81. Kb6 Ka8 82. Qe8# 1-0

[Event "*** Titled Tuesday Blitz"]
[Site "Chess.com"]
[Date "2021.03.09"]
[Round "4"]
[White "Semen_Khanin"]
[Black "Duhless"]
[Result "1/2-1/2"]
[WhiteElo "2840"]
[BlackElo "3017"]
[TimeControl "180+1"]
[EndTime "10:43:39 PST"]
[Termination "Game drawn by repetition"]

1. e4 c5 2. Nf3 d6 3. d4 cxd4 4. Nxd4 Nf6 5. Nc3 Nc6 6. Bg5 g6 7. Bxf6 exf6 8. Bc4 Bg7 9. Bb3 O-O 10. Nde2 f5 11.
exf5 Bxf5 12. O-O Rc8 13. Qd2 Ne5 14. Rad1 Nc4 15. Bxc4 Rxc4 16. Qd5 Rc7 17. Nd4 Bg4 18. Rd3 a6 19. h3 Bc8 20. Re1 Rc5 21. Qf3 Re5 22. Rxe5 Bxe5 23. Nd5 Kg7 24. c3 Be6 25.
Rd1 Qa5 26. Ne3 Bc8 27. a3 Re8 28. Nd5 h5 29. Ne3 Qb6 30. b4 Qd8 31. c4 Qh4 32.
Qd5 Qf4 33. Nf3 Bb2 34. a4 Be5 35. b5 axb5 36. axb5 Qf6 37. b6 Bf4 38. Qd4 Qxd4 39. Nxd4 Bxe3 40. fxe3 Bd7 41. Nb3 Ba4 42. Rd3 Bxb3 43.
Rxb3 Rc8 44. Rd3 Rc6 45. Rb3 Rxc4 46. Kf2 Rc6 47. Kf3 Kf6 48. Ke4 Ke6 49. Kd4 d5 50. Rb4 Kd6 51. e4 Rc4+ 52. Rxc4 dxc4 53. Kxc4 Kc6 54.
Kd4 Kxb6 55. Ke5 Kc6 56. Kf6 Kd6 57. e5+ Kd5 58. g4 hxg4 59. hxg4 g5 60. e6 fxe6 61. Kxg5 b5 62. Kf6 b4 63. g5 b3 64. g6 b2 65. g7 b1=Q 66. g8=Q Qb2+ 67. Ke7 Qa3+ 68. Kf6 Qc3+ 69. Ke7 Qc7+ 70. Kf6 Qf4+ 71. Ke7 Qh4+ 72. Kd7 Qa4+ 73. Ke7 Qa7+ 74. Kf6 Qd4+ 75. Ke7 Qb4+ 76. Kf6 Qf4+ 77. Ke7 Qd6+ 78. Kf6 Qf4+ 1/2-1/2

[Event "*** Titled Tuesday Blitz"]
[Site "Chess.com"]
[Date "2021.03.09"]
[Round "4"]
[White "konradrutkowski"]
[Black "kirillshevchenko"]
[Result "0-1"]
[WhiteElo "2381"]
[BlackElo "2824"]
[TimeControl "180+1"]
[EndTime "10:43:42 PST"]
[Termination "kirillshevchenko won on time"]

1. d4 Nf6 2. Nf3 g6 3. g3 Bg7 4. Bg2 O-O 5. O-O d6 6. Nc3 Nbd7 7. e4 e5 8. Re1 c6 9. a4 a5 10. h3 Re8 11. b3 Qc7 12. Bb2 exd4 13. Nxd4 Nc5 14.
Qd2 Bd7 15. Rad1 Rad8 16. Qf4 Nh5 17. Qd2 Bc8 18. Nde2 Nf6 19. Nf4 h5 20. Ba1 Nh7 21. Nd3 Nxd3 22. Qxd3 Ng5 23. Kh2 Qb6 24. f4 Ne6 25. Rf1 Nc5 26. Qf3 f5 27. exf5 Bxf5 28. Rd2 Ne4 29. Nxe4 Bxe4 30. Qf2 Qxf2 31. Rdxf2 Bf5 32.
Bxg7 Kxg7 33. Rd1 d5 34. Bf3 Re3 35. g4 hxg4 36. hxg4 Bxc2 37. Rxc2 Rxf3 38. Re1 Rxf4 39. Re7+ Rf7 40. Rce2 Rf8 41. g5 Rxe7 42. Rxe7+ Rf7 43. Re8 Rd7 44. Kg3 d4 45. Kf2 Kf7 46. Ra8 Ke6 47. Rxa5 d3 48. Ke1 Rd5 49. Ra7 b5 50. a5 b4 51. Kd2 Kf5 52. a6 Kxg5 53. Rb7 Ra5 54. a7 Kg4 55. Kxd3 g5 56. Kc4 c5 57. Kd5 Kf3 58.
Kc4 g4 59. Rf7+ Kg2 60. Kd5 g3 61. Kc6 c4 62. Kb6 Ra1 63. bxc4 b3 64. Rf5 Kh3 65. Rb5 Ra3 66. Kb7 g2 67. a8=Q Rxa8 68. Kxa8 g1=Q 69. Rxb3+ Kg4 70. Kb7 Qc5 71. Rb6 Qxc4 72. Rc6 Qd5 73. Kc7 Kf5 74. Kb7 Ke5 75. Kc7 Qa5+ 76. Kb7 Kd5 77. Rb6 Qa4 78. Kc7 Qc4+ 79. Kb7 Qe4 80. Kc7 Kc5 81. Rd6 Qe5 0-1

[Event "*** Titled Tuesday Blitz"]
[Site "Chess.com"]
[Date "2021.03.09"]
[Round "4"]
[White "dbrankovic68"]
[Black "AungTZ"]
[Result "0-1"]
[WhiteElo "2454"]
[BlackElo "2205"]
[TimeControl "180+1"]
[EndTime "10:43:45 PST"]
[Termination "AungTZ won by checkmate"]

1. e4 c5 2. Nf3 Nc6 3. Bb5 e6 4. Bxc6 bxc6 5. O-O d6 6. c3 e5 7. d4 cxd4 8. cxd4 Qc7 9. dxe5 dxe5 10. Be3 Nf6 11.
Nc3 Be7 12. h3 O-O 13. Rc1 Rd8 14. Qa4 Bd7 15. Qc4 Be8 16. Nd5 Nxd5 17. exd5 Rac8 18. Rfd1 Qb7 19. Nxe5 cxd5 20. Qd4 Rxc1 21. Rxc1 Bf6 22. f4 h6 23. b3 a5 24. Qc5 a4 25. bxa4 Bxa4 26. Bd4 Bxe5 27. Bxe5 Bd7 28. Qf2 Bf5 29. Qg3 Qb6+ 30. Kh2 Qg6 31. a4 Qxg3+ 32. Kxg3 Ra8 33. Ra1 Ra5 34. Bc7 Rc5 35. Bb6 Rc2 36. Rf1 Ra2 37.
a5 Be4 38. Rf2 Ra3+ 39. Kh2 Ra4 40. h4 f5 41. Rd2 Kf7 42. Kg3 Ra3+ 43. Kf2 Ke6 44.
Rb2 Kd7 45. Bd4 Rxa5 46. Bxg7 h5 47. Be5 Kc6 48. Ke3 Ra3+ 49. Kf2 Kc5 50. Rd2 Ra4 51. Bf6 d4 52. g3 Kd5 53. Bg7 d3 54. Ke3 Rc4 55. Rb2 Rc1 56. Rb5+ Kc4 57. Rb8 Re1+ 58.
Kd2 Re2+ 59. Kd1 Rg2 60. Rc8+ Kd5 61. Rd8+ Ke6 62. Be5 Rxg3 63. Rd6+ Ke7 64. Rh6 Rg2 65. Bc3 Rh2 66. Bd2 Rxh4 67. Kc1 Rh1+ 68. Kb2 h4 69. Kc3 h3 70. Kd4 Kf7 71. Ke5 h2 72. Bc3 Rc1 73. Rh7+ Kg6 74. Rxh2 Rxc3 75. Kd4 Rc2 76. Ke3 Rxh2 77.
Kd4 Re2 78. Ke5 d2 79. Kd4 d1=Q+ 80. Ke5 Rc2 81. Ke6 Rc6+ 82. Ke7 Qd6+ 83. Ke8 Rc8# 0-1

[Event "*** Titled Tuesday Blitz"]
[Site "Chess.com"]
[Date "2021.03.09"]
[Round "4"]
[White "Pelopidass"]
[Black "A-S-00"]
[Result "1/2-1/2"]
[WhiteElo "2566"]
[BlackElo "2401"]
[TimeControl "180+1"]
[EndTime "10:43:46 PST"]
[Termination "Game drawn - insufficient material"]

1. e4 c5 2. Nf3 Nc6 3. b3 d5 4. exd5 Qxd5 5. Nc3 Qd8 6. Bb5 Nf6 7. Bxc6+ bxc6 8.
O-O Bg4 9. Qe2 e6 10. Ne4 Be7 11. Bb2 O-O 12. Rad1 Nd5 13. h3 Bh5 14. Ng3 Bg6 15.
d3 Bf6 16. Bxf6 Qxf6 17. Qe5 Qxe5 18. Nxe5 Nb4 19. Rd2 Nxa2 20. Nd7 Rfd8 21. Nxc5 Nc3 22. Ra1 e5 23. Na4 Nd5 24. Ne2 f6 25. Nc5 Bf7 26. Ra6 Nb4 27. Ra4 Nd5 28. Rd1 Nb6 29. Ra5 Rdc8 30. Rda1 Rc7 31. Nc3 Nd5 32. N3e4 Kf8 33.
Nd6 Ke7 34. Nc4 Kf8 35. Kf1 Nf4 36. Nb6 Rd8 37. Rxa7 Rxa7 38. Rxa7 Be6 39. Nxe6+ Nxe6 40. b4 Nd4 41. c3 Nb5 42. Rd7 Rxd7 43. Nxd7+ Ke7 44.
Nc5 Nxc3 45. Nb3 Nd5 46. d4 Nxb4 47. dxe5 fxe5 48. Ke2 Kd6 49. Ke3 Kd5 50. Nd2 c5 51. Nf3 c4 52. Kd2 Nc6 53. Kc3 Nd4 54. Ng5 Ne2+ 55.
Kd2 Nf4 56. g3 Ng6 57. Nxh7 Kd4 58. Ng5 c3+ 59. Kc2 e4 60. h4 Ne5 61. Ne6+ Kc4 62. Nxg7 Ng4 63. Nf5 Nxf2 64. h5 Ng4 65. h6 Nf6 66. g4 e3 67. Nxe3+ Kd4 68. Nf5+ Kc4 69. h7 Nxh7 70. Ne3+ Kd4 71. Nd1 Ng5 72. Nf2 Nf3 73. Kb3 Ke3 74. Nd1+ Kf4 75. Nf2 Kg5 76. Kxc3 Ne5 77.
Kd4 Nxg4 1/2-1/2

[Event "*** Titled Tuesday Blitz"]
[Site "Chess.com"]
[Date "2021.03.09"]
[Round "4"]
[White "esapunov"]
[Black "Gulkov_Igor"]
[Result "1/2-1/2"]
[WhiteElo "2738"]
[BlackElo "2530"]
[TimeControl "180+1"]
[EndTime "10:43:51 PST"]
[Termination "Game drawn by agreement"]

1. c4 Nf6 2. Nf3 g6 3. Nc3 Bg7 4. e4 d6 5. d4 O-O 6. Be2 e5 7. O-O Nc6 8. d5 Ne7 9. b4 a5 10. bxa5 Rxa5 11. a4 c5 12. Ra3 Nd7 13. Re1 Ra8 14.
Nb5 Nf6 15. Qc2 Ne8 16. Rd1 Kh8 17. Bb2 f6 18. Nd2 Ng8 19. Re1 Nh6 20. g3 f5 21.
exf5 gxf5 22. Bf1 Bd7 23. Bg2 Ng4 24. Nf3 e4 25. Bxg7+ Kxg7 26. Nd2 Qf6 27. Qc3 Qxc3 28. Nxc3 Ne5 29. f3 exf3 30. Bxf3 Nf6 31. Be2 Rfe8 32. Rb1 Ra7 33. Rb6 Nf7 34. Kf2 Rea8 35. h3 Bc8 36. Bd3 Ra6 37. Rab3 Rxb6 38. Rxb6 Kf8 39. Nf1 Ne5 40.
Be2 Ke7 41. Ne3 Ng6 42. Nb5 Ne4+ 43. Kf3 Rxa4 44. g4 Ng5+ 45. Kg2 f4 46. Nf5+ Bxf5 47. gxf5 Ne5 48. h4 f3+ 49. Bxf3 Ngxf3 50. Kg3 Ra1 51. Nxd6 Rg1+ 52. Kf4 Rg4+ 53. Ke3 Rxh4 54. f6+ Kxf6 55.
Rxb7 Ng5 56. Rb6 Rh3+ 57. Ke2 Ngf7 58. Ne4+ Kf5 59. Nxc5 Nxc4 60. Rb7 Nfe5 61. Re7 Nd6 62. Re6 Ne4 63. Nxe4 Kxe4 64. d6 Rh2+ 65. Kf1 Rh1+ 66. Kg2 Rd1 67. Rh6 Kf5 68. Rxh7 Rxd6 69. Kg3 Rg6+ 70. Kf2 Ng4+ 71. Kf3 Nf6 72. Ra7 Nd5 73. Ra5 Ke5 74. Rb5 Rh6 75. Ra5 Rh3+ 76. Kg2 Rb3 77. Kf2 Ke4 78. Ra4+ Nb4 79. Ke2 Rb2+ 80. Kf1 Ke3 81.
Kg1 Nd3 82. Ra8 Rb1+ 83. Kg2 Nf4+ 84. Kg3 Rg1+ 1/2-1/2

[Event "*** Titled Tuesday Blitz"]
[Site "Chess.com"]
[Date "2021.03.09"]
[Round "4"]
[White "MoonlighT89"]
[Black "CraiggoryC"]
[Result "1-0"]
[WhiteElo "2583"]
[BlackElo "2284"]
[TimeControl "180+1"]
[EndTime "10:43:54 PST"]
[Termination "MoonlighT89 won on time"]

1. e4 d5 2. exd5 Nf6 3. Nf3 Bg4 4. Be2 Qxd5 5. Nc3 Qf5 6. h3 Bxf3 7. Bxf3 Nc6 8. O-O O-O-O 9. Bxc6 bxc6 10. Qe2 Kb7 11. d3 e6 12. Be3 Bc5 13. Na4 Bb6 14. Rad1 Nd5 15. Bc1 Nf4 16. Qf3 Ng6 17. Qxf5 exf5 18.
Rfe1 Rhe8 19. Nc3 Re7 20. g3 Rde8 21. Rxe7 Rxe7 22. Kg2 Bd4 23. Bd2 f6 24. h4 Bxc3 25. bxc3 c5 26. Be3 Kc6 27. Rb1 f4 28. Bxf4 Nxf4+ 29. gxf4 Re2 30. Rc1 c4 31. d4 Kd5 32.
Kf3 Re6 33. Rb1 Ra6 34. Rb5+ Kd6 35. Rc5 Rxa2 36. Rxc4 Rxc2 37. f5 a5 38. Ke3 Ra2 39.
f3 a4 40. Kd3 a3 41. Ra4 Ra1 42. Kc4 a2 43. Kb3 Rf1 44. Rxa2 Rxf3 45. Rg2 Rxf5 46. Rxg7 Rh5 47. Rg4 f5 48. Rf4 c5 49. Kc4 cxd4 50. Kxd4 Ke6 51. c4 Rh6 52. c5 Rg6 53. Kc4 Rg1 54.
Kb5 Rb1+ 55. Kc6 Ke5 56. Rf2 f4 57. Re2+ Kf5 58. Re7 f3 59. Rxh7 Kg4 60. Rf7 Kg3 61.
h5 f2 62. Kd6 f1=Q 63. Rxf1 Rxf1 64. c6 Rc1 65. c7 Kg4 66. h6 Rd1+ 67. Ke7 Rc1 68. Kd8 Rd1+ 69. Ke8 Rc1 70. Kd7 Rd1+ 71. Kc8 Rh1 72. Kb8 Rb1+ 73. Ka7 Ra1+ 74. Kb6 Rb1+ 75. Kc6 Rc1+ 76. Kd6 Rd1+ 77. Ke5 Rc1 78. h7 Re1+ 79. Kd4 Rd1+ 80. Ke5 Re1+ 81. Kd4 Rd1+ 82. Kc3 Rc1+ 83. Kd2 Rxc7 84. h8=Q Rd7+ 85. Ke3 Re7+ 86. Kd4 1-0

[Event "*** Titled Tuesday Blitz"]
[Site "Chess.com"]
[Date "2021.03.09"]
[Round "4"]
[White "Kurkusha"]
[Black "Majesth"]
[Result "1/2-1/2"]
[WhiteElo "2351"]
[BlackElo "2547"]
[TimeControl "180+1"]
[EndTime "10:44:07 PST"]
[Termination "Game drawn by repetition"]

1. Nf3 g6 2. c4 Bg7 3. d4 d6 4. g3 Nc6 5. Nc3 e5 6. d5 Nce7 7. Bg2 f5 8. e4 Nf6 9. Ng5 O-O 10. O-O c6 11. c5 h6 12. dxc6 hxg5 13.
cxb7 Bxb7 14. Qb3+ d5 15. exd5 Bxd5 16. Nxd5 Nfxd5 17. Bxg5 Bf6 18. Bxf6 Rxf6 19. Rfd1 e4 20. f3 Qb8 21.
Qc4 Qb4 22. Qxb4 Nxb4 23. fxe4 fxe4 24. Bxe4 Rc8 25. a3 Nbc6 26. b4 Ne5 27. Rac1 Nf5 28.
Bd5+ Kg7 29. Bb7 Rc7 30. Bg2 Ne3 31. Rd2 Nxg2 32. Rxg2 Nd3 33. Rd1 Ne5 34. Re2 Nc4 35. Rde1 Nxa3 36. Ra1 Nc4 37. Kg2 Rf5 38. Rc1 Ne5 39.
Rce1 Nd3 40. Re7+ Rf7 41. Rxc7 Rxc7 42. Rb1 Rb7 43. b5 Nxc5 44. Kf3 Ne6 45. Ke3 Kf6 46. Kd3 Nc7 47. Kc4 Ne6 48. Kd5 Rc7 49. b6 axb6 50. Rxb6 Rd7+ 51. Ke4 Re7 52. Kf3 Kf7 53. h4 Nd4+ 54. Kg4 Ne6 55. h5 g5 56. Rb5 Rd7 57.
Rf5+ Kg7 58. Re5 Rd4+ 59. Kf5 Nf8 60. Kxg5 Nh7+ 61. Kf5 Rd6 62. g4 Kg8 63. g5 Nf8 64. g6 Rd1 65. Kg5 Rf1 66. Kh6 Rf6 67. Kg5 Rd6 68.
Rf5 Ne6+ 69. Kh6 Nf8 70. Re5 Ne6 71. Rf5 Nf8 72. Rb5 Ne6 73. Rb8+ Nf8 74. Kg5 Rd5+ 75. Kg4 Rd6 76. Kg5 Rd5+ 77. Kh6 Rd6 78. Rb7 Ne6 79. Re7 Nf8 80. Rg7+ Kh8 81. Rf7 Kg8 82.
Rg7+ Kh8 83. Rf7 Kg8 84. Rf5 Ne6 85. Rf7 Nf8 1/2-1/2

[Event "*** Titled Tuesday Blitz"]
[Site "Chess.com"]
[Date "2021.03.09"]
[Round "4"]
[White "Chopper1905"]
[Black "German_Bazeev"]
[Result "0-1"]
[WhiteElo "2916"]
[BlackElo "2756"]
[TimeControl "180+1"]
[EndTime "10:44:15 PST"]
[Termination "German_Bazeev won by resignation"]

1. d4 Nf6 2. c4 e6 3. g3 Bb4+ 4. Nd2 O-O 5. Bg2 d5 6. Nf3 b6 7.
O-O Bb7 8. cxd5 exd5 9. Ne5 Nbd7 10. Ndf3 Bd6 11. Bg5 Be7 12. Qa4 Nxe5 13. Nxe5 Qe8 14. Qb3 Ne4 15. Bf4 Bd6 16. Rfd1 Kh8 17. Rac1 Rc8 18. f3 Nf6 19. Bh3 Rb8 20. Qc2 Nh5 21.
e3 Nxf4 22. exf4 Rd8 23. Re1 Qb5 24. a3 f6 25. Bf1 Qe8 26. Ng4 Qf7 27. Bb5 c5 28.
Bd3 g6 29. f5 g5 30. Re6 Qg7 31. Rce1 Bc8 32. R6e3 c4 33. Bf1 b5 34. Qd2 Bc7 35.
Qc2 Bb6 36. Rd1 Rfe8 37. Kf2 Rxe3 38. Nxe3 a5 39. Bg2 Qa7 40. Qd2 b4 41. axb4 axb4 42.
Kf1 Kg7 43. h4 h6 44. hxg5 hxg5 45. f4 gxf4 46. Nxd5 Bb7 47. Qxf4 Bxd5 48. Qg4+ Kf8 49. Qh4 Qg7 50. Bxd5 Rxd5 51. Ra1 Rd8 52. Ra6 Rb8 53. Qf4 Bc7 54. Qf2 c3 55. bxc3 bxc3 56. Rc6 Qd7 57.
Rxc3 Qb5+ 58. Kg2 Bd6 59. Rf3 Qb7 60. Qe3 Re8 61. Qh6+ Qg7 62. Qd2 Qg4 63. Qc2 Qxd4 64. Kh3 Qe4 65. Qf2 Kg7 66. Qf1 Rh8+ 67. Kg2 Bc5 68. Qd1 Re8 69. Qd7+ Re7 70. Qb5 Qe2+ 71. Qxe2 Rxe2+ 72. Kh3 Re4 73. Rc3 Be3 74. Kh2 Bg5 75.
Kg2 Kf7 76. Kf3 Ra4 77. Rc7+ Ke8 78. Rb7 Kd8 79. Rf7 Rd4 80. Rh7 Rd7 81. Rh1 Kc7 82. Re1 Rd4 83. Re6 Rd6 84. Re7+ Kc6 85. Ra7 Rd5 86.
Ra6+ Kb5 87. Ke4 Kxa6 88. Kxd5 Kb5 89. Kd4 Kb4 90. Kd3 Kb3 91. Kd4 Kc2 92. Ke4 Kd2 93. Kf3 Kd3 94. Kg4 Ke4 95. Kh5 Kxf5 96. g4+ Kf4 97.
Kg6 Kxg4 0-1

[Event "*** Titled Tuesday Blitz"]
[Site "Chess.com"]
[Date "2021.03.09"]
[Round "4"]
[White "Benjoneliere44"]
[Black "Federtiu"]
[Result "1-0"]
[WhiteElo "2508"]
[BlackElo "2632"]
[TimeControl "180+1"]
[EndTime "10:44:17 PST"]
[Termination "Benjoneliere44 won on time"]

1. d4 Nf6 2. Bf4 g6 3. Nc3 d6 4.
Qd2 a6 5. e4 b5 6. f3 Bb7 7. a4 b4 8. Nd1 a5 9. Nf2 Nbd7 10.
Be3 Bg7 11. h4 h6 12. g4 c5 13. Bb5 cxd4 14. Bxd4 Rc8 15. O-O-O Kf8 16. Ne2 Nb6 17.
g5 Nh5 18. Bxg7+ Kxg7 19. gxh6+ Rxh6 20. Ng4 Rh8 21. Nf4 Qc7 22. Rh2 Qc5 23. Nxh5+ Rxh5 24. Ne3 Qe5 25. Rg1 Rch8 26. Rhg2 Kf8 27. Kb1 Rxh4 28.
Qf2 Rh1 29. Ng4 Qc5 30. Qxc5 dxc5 31. b3 Kg7 32. Ne5 Kf6 33. Nd3 Rxg1+ 34. Rxg1 Rc8 35. e5+ Kg7 36. f4 Be4 37. Nf2 Bf5 38. Bd3 Bxd3 39. cxd3 e6 40. Ne4 Nd5 41. Rc1 Nxf4 42. Nxc5 Rd8 43.
Nb7 Rd5 44. d4 Ne2 45. Rc5 Rxd4 46. Nxa5 Rd2 47. Nc6 Nc3+ 48. Kc1 Re2 49. Rc4 g5 50. a5 Re1+ 51. Kd2 Rd1+ 52. Kc2 Ra1 53. Rxb4 Nd5 54. Rd4 Kg6 55. b4 Kf5 56. b5 g4 57. b6 Ra2+ 58.
Kb3 Ra1 59. Rd2 g3 60. b7 Rb1+ 61. Rb2 Rxb2+ 62. Kxb2 g2 63. Nd4+ Ke4 64. Ne2 Ke3 65. Ng1 Kf2 66. Nh3+ Kg3 67. b8=Q Kxh3 68. Qa7 Kh2 69.
Qxf7 g1=Q 70. Qh7+ Kg2 71. Qg6+ Kf1 72. Qxe6 Qd4+ 73. Kc2 Qc3+ 74. Kb1 Qb3+ 75. Kc1 Qc4+ 76. Kd2 Qa2+ 77. Kc1 Qa1+ 78. Kc2 Qc3+ 79. Kb1 Qd3+ 80. Kc1 Qe3+ 81. Kc2 Qc5+ 82. Kd2 Qb4+ 83. Kd3 Qb3+ 84. Ke4 Nc3+ 85. Kf5 Qc2+ 86. Kf6 Ne4+ 87. Ke7 Qc7+ 88.
Kf8 Qd8+ 89. Kg7 Qg5+ 90. Qg6 Qxe5+ 91. Kh6 Qf4+ 92. Kh7 Nf6+ 93. Kg7 Ng4 94. Qf7 Qxf7+ 95. Kxf7 Ke2 96. Ke6 1-0

[Event "*** Titled Tuesday Blitz"]
[Site "Chess.com"]
[Date "2021.03.09"]
[Round "4"]
[White "anon481216"]
[Black "Vugar_Manafov"]
[Result "1/2-1/2"]
[WhiteElo "2510"]
[BlackElo "2668"]
[TimeControl "180+1"]
[EndTime "10:44:32 PST"]
[Termination "Game drawn by repetition"]

1. d4 Nf6 2. c4 e6 3. g3 Bb4+ 4.
Bd2 a5 5. Nf3 O-O 6. Bg2 d5 7.
Qc2 Nbd7 8. O-O c6 9. Bf4 Be7 10. Nbd2 Nh5 11. Be3 b5 12. cxb5 cxb5 13. Nb3 Nb6 14.
Nc5 Nc4 15. Bc1 a4 16. Rb1 Qb6 17. b3 axb3 18. axb3 Na3 19. Bxa3 Rxa3 20. Rfc1 Nf6 21.
Ne5 b4 22. e3 h6 23. Bf1 Bd6 24. Ned3 Rd8 25. Qd2 Bd7 26. Qxb4 Qa7 27. Qd2 Bb5 28. b4 Ra8 29. Ne5 Bxf1 30. Rxf1 Bxe5 31. dxe5 Nd7 32. Nxd7 Qxd7 33. Rb2 Qb5 34. Rc1 Ra1 35. Rbb1 R8a2 36. Qd1 Rxb1 37. Rxb1 g6 38. Qf1 Qb6 39. b5 h5 40. h4 Kg7 41. Qc1 Ra5 42. Qc6 Qxc6 43. bxc6 Rc5 44. Rb6 Rc1+ 45. Kg2 Kf8 46. Kf3 Rc2 47. Rb8+ Kg7 48. Rc8 Kh7 49. Kg2 Rc1 50.
f3 Rc2+ 51. Kf1 Kg7 52. Ke1 Kh7 53. Kd1 Rc3 54. Kd2 Rc5 55. Kd3 Kg7 56. Kd4 Rc4+ 57.
Kd3 Rc5 58. g4 Rc1 59. gxh5 gxh5 60. e4 dxe4+ 61. Kxe4 Rc4+ 62. Kd3 Rc5 63. c7 Rc1 64. Ke4 Rc4+ 65. Ke3 Kh7 66. Kd3 Rc1 67. Kd4 Kg7 68. Ke3 Rc4 69. Kf2 Kh7 70. Kg3 Kg7 71. Kf2 Kh7 72.
Ke2 Kg7 73. f4 Kh7 74. Kd3 Rc1 75. Kd4 Kg7 76. Ke4 Rc4+ 77. Kd3 Rc1 78. f5 exf5 79.
Kd4 Kh7 80. Kd5 f4 81. Ke4 Rc4+ 82. Kf3 Kg7 83. Kf2 Kh7 84. Ke2 Kg7 85. Kf3 Kh7 86.
Rf8 Rxc7 87. Kxf4 Kg7 88. Ra8 Kg6 89. Ra6+ Kg7 90. Kg5 Rc5 91. Kxh5 Rxe5+ 92. Kg4 Rc5 93. h5 Rc4+ 94. Kg5 Rc5+ 95. Kg4 Rc4+ 96. Kg5 Rc5+ 97. Kg4 1/2-1/2